 Dungeon Crawl Stone Soup version 0.31-a0-198-g2ad674f65e (webtiles) character file.

Game seed: 8670642053730431616

200 qw the Skirmisher (level 5, 0/29 HPs)
             Began as a Deep Elf Hunter on June 25, 2023.
             Constricted to death by a ball python (1 damage)
             ... on level 4 of the Dungeon.
             The game lasted 00:00:44 (2597 turns).

qw the Skirmisher (Deep Elf Hunter)                 Turns: 2597, Time: 00:00:45

Health: 0/29       AC:  5    Str: 20    XL:     5   Next: 49%
Magic:  7/7        EV: 11    Int:  9    God:
Gold:   50         SH:  0    Dex: 18    Spells: 4/4 levels left

rFire   + + .        Y - +0 shortbow (freeze)
rCold   . . .        (shield currently unavailable)
rNeg    . . .        h - +0 ring mail
rPois   .            (no helmet)
rElec   .            (no cloak)
rCorr   +            (no gloves)
SInv    .            (no boots)
Will    .....        i - amulet of Activism {Acrobat rF++ rCorr Str+4 Int-5}
Stlth   +            c - +2 ring of evasion
HPRegen 0.24/turn    l - +6 ring of strength
MPRegen 0.10/turn

%: acrobat
@: constricted
A: no striking features
a: no special abilities


You were on level 4 of the Dungeon.
You visited 1 branch of the dungeon, and saw 4 of its levels.

You collected 110 gold pieces.
You spent 60 gold pieces at shops.


   Skills:
 + Level 1.6 Fighting
 - Level 9.0 Ranged Weapons
 - Level 2.4 Dodging
 - Level 1.2 Stealth


You had 4 spell levels left.
You didn't know any spells.
Your spell library was empty.

Inventory:

Hand Weapons
 Y - a +0 shortbow of freezing (weapon)
Armour
 g - a +1 helmet
 h - a +0 ring mail (worn)
Jewellery
 b - a ring of magical power
 c - a +2 ring of evasion (left hand)
 i - the amulet of Activism (around neck) {Acrobat rF++ rCorr Str+4 Int-5}
   (You found it on level 2 of the Dungeon)

   [amulet of the acrobat]

   It increases your evasion while moving and waiting.
   Str:       It affects your strength (+4).
   Int:       It affects your intelligence (-5).
   rF:        It greatly protects you from fire.
   rCorr:     It protects you from acid and corrosion.
 l - a +6 ring of strength (right hand)
Scrolls
 f - 2 scrolls of identify
Potions
 a - a potion of mutation
 d - a potion of heal wounds {unknown}
 e - a potion of might {unknown}
 j - a potion of berserk rage {unknown}
 k - a potion of lignification {unknown}
 n - a potion of cancellation

Dungeon Overview and Level Annotations

Branches:
Dungeon (4/15)
 Temple: D:4-7

Altars:
Wu Jian

Shops:
D:2 =

Annotations:
D:4 2 transporters, Grinder


Message History

Enter note: You shoot an arrow.
The arrow barely misses Grinder.
You shoot an arrow.
The arrow hits Grinder but does no damage.
Grinder blinks!
You shoot an arrow.
The arrow hits Grinder but does no damage.
Grinder gestures at you.
You struggle to resist.
You shoot an arrow. The arrow hits Grinder.
Grinder is lightly wounded.
You shoot an arrow. The arrow barely misses Grinder.
The ball python hisses angrily.
Grinder hits you.
You writhe in agony.
You shoot an arrow.
The arrow hits Grinder but does no damage.
Grinder is lightly wounded.
Grinder hits you but does no damage.
You shoot an arrow.
The arrow hits Grinder but does no damage.
Grinder is lightly wounded.
Grinder hits you but does no damage.
You shoot an arrow.
The arrow hits Grinder but does no damage.
Grinder is lightly wounded.
Grinder hits you.
You writhe in agony.
You shoot an arrow.
The arrow hits Grinder but does no damage.
Grinder is lightly wounded.
Grinder gestures at you. Pain shoots through your body!
You shoot an arrow. The arrow barely misses Grinder.
The ball python bites you but does no damage.
The ball python completely misses you. Grinder hits you.
You writhe in agony.
You shoot an arrow. The arrow hits Grinder!
Grinder is moderately wounded.
The ball python misses you. The ball python completely misses you.
Grinder hits you but does no damage. The ball python closely misses you.
The ball python grabs you. The ball python constricts you.
You die...

P7P~.#...# ..
#.#.~~~~~.#...# #..
#.#o~...~5#..## #..#
#.#5~...~o#..#
#..###.####+####..## #
?...#.#P../..P#...#
#.#####..#.#8P.^.P8#....
.......S...#########..#.
#...@5......^......##
#.............####.#
#............## #.#
############## #.# ..#
##.## ...### ......
......


You could see Grinder and a ball python.

Vanquished Creatures
  A jelly (D:3)
  An iguana (D:2)
  2 orc wizards (D:4)
  A sleepcap (D:4)
  An adder (D:3)
  3 worms
  2 dart slugs
  7 orcs
  3 ball pythons
  3 endoplasms
  3 giant cockroaches (D:1)
  2 goblins
  3 hobgoblins
  5 kobolds
  4 quokkas
  4 bats
  3 frilled lizards
  4 rats
52 creatures vanquished.

Notes
Turn   | Place    | Note
-------+----------+-------------------------------------------
     0 | D:1      | qw the Deep Elf Hunter began the quest for the Orb.
     0 | D:1      | Reached XP level 1. HP: 12/12 MP: 3/3
     0 | D:1      | 0 ||| qw: Version: 0.3-a-22-g0ed2b0b
     0 | D:1      | 0 ||| qw: Game counter: 5150
     0 | D:1      | 0 ||| qw: Melee chars always use a shield: true
     0 | D:1      | 0 ||| qw: God list: Okawaru
     0 | D:1      | 0 ||| qw: Allow faded altars: false
     0 | D:1      | 0 ||| qw: Do Orc after clearing Dungeon:15 true
     0 | D:1      | 0 ||| qw: Do second Lair branch before Depths: true
     0 | D:1      | 0 ||| qw: Lair rune preference: random
     0 | D:1      | 0 ||| qw: Goals: Normal
     0 | D:1      | 0 ||| PLANNING D:1-11
   207 | D:1      | Reached skill level 6 in Ranged Weapons
   207 | D:1      | Reached XP level 2. HP: 11/16 MP: 4/4
   358 | D:1      | Found a faded altar of an unknown god.
   928 | D:1      | 928 ||| UPGRADING to +0 ring mail.
   938 | D:1      | 938 ||| DROPPING +0 leather armour.
   939 | D:1      | 939 ||| READING scroll labelled EDUEBEODAQ.
   944 | D:1      | 944 ||| READING scroll labelled EBUCOD LUX DIO.
   945 | D:1      | 945 ||| READING scroll labelled NADOMU RURE.
   946 | D:1      | 946 ||| READING scroll labelled IREGHA AMPEMM.
   947 | D:1      | 947 ||| DROPPING scroll of butterflies.
  1179 | D:2      | Found Atann's One-of-a-Kind Rings.
  1188 | D:2      | 1188 ||| BUYING +2 ring of evasion (60 gold).
  1188 | D:2      | Bought a +2 ring of evasion for 60 gold pieces
  1188 | D:2      | 1188 ||| SHOPLISTING ring "Qos Yrph" {Int+6 Dex+3} (493
                  | gold, have 19).
  1188 | D:2      | 1188 ||| SHOPLISTING ring "Woux" {rElec rC+ Str+3 SInv}
                  | (423 gold, have 19).
  1303 | D:2      | Identified the amulet of Activism {Acrobat rF++ rCorr Str+4
                  | Int-5}
  1315 | D:2      | HP: 1/16 [iguana (7)]
  1317 | D:2      | Reached skill level 7 in Ranged Weapons
  1317 | D:2      | Reached XP level 3. HP: 2/20 MP: 5/5
  1547 | D:2      | 1547 ||| UPGRADING to amulet of Activism {Acrobat rF++
                  | rCorr Str+4 Int-5}.
  1552 | D:2      | 1552 ||| UPGRADING to +2 ring of evasion.
  1553 | D:2      | 1553 ||| UPGRADING to +6 ring of strength.
  1554 | D:2      | 1554 ||| READING scroll labelled DOTAIXUPNY.
  1612 | D:3      | Reached XP level 4. HP: 25/25 MP: 6/6
  1765 | D:3      | Found an ornate altar of the Wu Jian Council.
  1929 | D:3      | Reached skill level 8 in Ranged Weapons
  2246 | D:3      | 2246 ||| READING scroll labelled ECO GEV QOS.
  2247 | D:3      | 2247 ||| READING scroll labelled LIORUG KONIET.
  2248 | D:3      | 2248 ||| DRINKING 3 glowing cyan potions.
  2249 | D:3      | 2249 ||| DRINKING 2 metallic orange potions.
  2250 | D:3      | 2250 ||| READING 2 scrolls of identify.
  2250 | D:3      | 2250 ||| IDENTIFYING glowing emerald potion
  2251 | D:3      | 2251 ||| DROPPING 2 potions of magic.
  2439 | D:4      | Reached XP level 5. HP: 13/29 MP: 7/7
  2457 | D:4      | Reached skill level 9 in Ranged Weapons
  2555 | D:4      | Found a transporter.
  2558 | D:4      | Found a transporter.
  2582 | D:4      | Noticed Grinder
  2582 | D:4      | Paralysed by Grinder for 5 turns
  2596 | D:4      | HP: 5/29 [Grinder (5)]
  2596 | D:4      | HP: 1/29 [Grinder (4)]
  2597 | D:4      | Constricted to death by a ball python

Levels and vault maps discovered:
D:1:      psy_arrival_statuary, layout_basic,
          dreamdust_ecumenical_altar_hidden_monk_grotto
D:2:      layout_basic, nicolae_shop_unique_rings
D:3:      layout_loops_ring, pdpol_wu_jian_five_deadly_venoms,
          nicolae_figureground_pulse
D:4:      gammafunk_wand_slinger, layout_rooms,
          mainiacjoe_overflow_small_starburst, uniq_grinder

Skill      XL: |  1  2  3  4  5 |
---------------+----------------+-----
Ranged Weapons | 6 7 8 9 |  9.0
Fighting       | |  1.6
Dodging        | |  2.4
Stealth        | |  1.2

Action                     |  1- 3 |  4- 6 || total
---------------------------+-------+-------++-------
   Fire: Shortbow          |    67 |    65 ||   132
    Use: Scroll            |     5 |     3 ||     8
         Potion            |       |     2 ||     2
 Armour: Leather armour    |     1 |       ||     1
         Ring mail         |     5 |     6 ||    11
  Dodge: Dodged            |     5 |    21 ||    26

Table legend:
 A = Non-vault XP
 B = Vault XP
 C = Vault XP percentage of total XP
 D = Non-vault monster count
 E = Vault monster count
 F = Vault count percentage of total count
                 A         B        C        D         E       F
            +---------+---------+-------+---------+---------+-------
      Total |     287 |       0 |   0.0 |      52 |       0 |   0.0
            +---------+---------+-------+---------+---------+-------
        D:1 |      27 |       0 |   0.0 |      17 |       0 |   0.0
        D:2 |      54 |       0 |   0.0 |       9 |       0 |   0.0
        D:3 |      84 |       0 |   0.0 |      16 |       0 |   0.0
        D:4 |     122 |       0 |   0.0 |      10 |       0 |   0.0
            +---------+---------+-------+---------+---------+-------
